 Dungeon Crawl Stone Soup version 0.20-a0-623-gaf3b657 (webtiles) character file.

84 Laan the Cutter (level 4, 0/43 HPs)
             Began as a Kobold Berserker on Feb 10, 2017.
             Was a Believer of Trog.
             Slain by Crazy Yiuf
             ... wielding a +2 quarterstaff of chaos
              (12 damage)
             ... on level 2 of the Dungeon.
             The game lasted 00:05:13 (2163 turns).

Laan the Cutter (Kobold Berserker)                  Turns: 2163, Time: 00:05:13

Health: 0/43       AC:  2    Str: 19    XL:     4   Next: 72%
Magic:  4/4        EV: 19    Int:  8    God:    Trog [**....]
Gold:   80         SH:  0    Dex: 15    Spells: 3/3 levels left

rFire    . . .     SeeInvis .   i - +0 short sword (curse)
rCold    . . .     Gourm    .   b - +0 animal skin
rNeg     . . .     Faith    .   (shield restricted)
rPois    .         Spirit   .   (no helmet)
rElec    .         Reflect  .   (no cloak)
rCorr    .         Harm     .   (no gloves)
MR       .....                  (no boots)
Stlth    ..........             (no amulet)
Regen    0.2/turn               q - ring of flight
                                g - +3 ring of evasion

@: berserking, lethally poisoned (0 -> -13), very quick
A: carnivore 3
a: Berserk, Trog's Hand, Burn Spellbooks, Renounce Religion, Evoke Flight


You were on level 2 of the Dungeon.
You worshipped Trog.
Trog was pleased with you.
You were full.

You visited 1 branch of the dungeon, and saw 2 of its levels.

You collected 80 gold pieces.

Inventory:

Hand Weapons
 a - a +0 short sword
 i - a cursed +0 short sword (weapon)
Armour
 b - a +0 animal skin (worn)
Jewellery
 g - a +3 ring of evasion (left hand)
 q - a ring of flight (right hand)
 u - a +4 ring of intelligence {unknown}
Scrolls
 d - a scroll of teleportation {unknown}
 j - 2 scrolls of amnesia {unknown}
 k - 2 scrolls of remove curse {unknown}
 p - a scroll of fear {unknown}
 t - 2 scrolls of identify {unknown}
Potions
 e - 4 potions of mutation {unknown}
 f - a potion of cancellation {unknown}
 h - 2 potions of might {unknown}
 l - a potion of agility {unknown}
 n - a potion of brilliance {unknown}
 o - 2 potions of ambrosia {unknown}
 r - 2 potions of invisibility {unknown}
 s - a potion of berserk rage {unknown}
Comestibles
 c - 2 meat rations
 m - 3 royal jellies


   Skills:
 + Level 4.1 Fighting
 * Level 5.0 Short Blades
 - Level 1.5 Armour
 + Level 3.2 Dodging
 + Level 2.2 Stealth


You had 3 spell levels left.
You didn't know any spells.

Dungeon Overview and Level Annotations

Branches:
Dungeon (2/15)

Altars:
Ru

Annotations:
D:2 Crazy Yiuf


Innate Abilities, Weirdness & Mutations

You are small and have problems with some larger weapons.
You are carnivorous and can eat meat at any time.


Message History

You see here a mace.
You open the door.
Crazy Yiuf the Enlightened comes into view.
He is wielding a quarterstaff of chaos.
Found a mace.
There is an open door here.
Crazy Yiuf shouts!
Crazy Yiuf cries, "Tosser agre sow!"
Crazy Yiuf hits you with a quarterstaff of chaos!
You are lethally poisoned!
A red film seems to cover your vision as you go berserk!
You feel yourself moving faster!
You feel mighty!
You feel sick.
Crazy Yiuf hits you with a quarterstaff of chaos!
Crazy Yiuf freezes you.
* * * LOW HITPOINT WARNING * * *
You hit Crazy Yiuf.
Crazy Yiuf is moderately wounded.
* * * LOW HITPOINT WARNING * * *
You feel sick.
Crazy Yiuf hits you with a quarterstaff of chaos!
You die...

.............##........###.##.##.
#########.##.##..................
#...............##.#.####
####.##.......#.##.#.# ####
############.##.#.# ...#########
#.##.#.# ##..<......# #####
##.##.#.# ############ #)g.#
#.....#.# ...........# #.@.#
##.####.# ############ #...# #.#
#.# # ##'## #.# #.# # ♣)♣♣ #.#
#.# # ♣♣)♣ #.####.# # ♣.♣♣
#.#....# ######## ♣♣.♣ #.#.####
.......# ♣♣.♣♣ #.#.# ######.#
♣♣.P.♣ #...#


You could see Crazy Yiuf.

Vanquished Creatures
  3 adders (D:2)
  An ooze (D:2)
  A dart slug (D:1)
  2 worms (D:2)
  A leopard gecko (D:2)
  A ball python (D:1)
  4 giant cockroaches
  A goblin (D:2)
  5 hobgoblins (D:2)
  5 jackals
  3 kobolds
  7 bats
  A frilled lizard (D:1)
  10 rats
45 creatures vanquished.

Notes
Turn   | Place    | Note
-------+----------+-------------------------------------------
     0 | D:1      | Laan the Kobold Berserker began the quest for the Orb.
     0 | D:1      | Reached XP level 1. HP: 14/14 MP: 1/1
     0 | D:1      | Noticed a large abomination
     0 | D:1      | Noticed a large abomination
     3 | D:1      | Noticed an iron dragon
     3 | D:1      | Noticed an iron dragon
     5 | D:1      | Noticed an iron dragon
     6 | D:1      | Noticed a golden dragon
     7 | D:1      | Noticed an iron dragon
     8 | D:1      | Noticed a large abomination
    10 | D:1      | Noticed a yellow draconian
    10 | D:1      | Noticed a shadow dragon
    12 | D:1      | Noticed an ice dragon
    14 | D:1      | Noticed an orb of fire
    19 | D:1      | Noticed a large abomination
    21 | D:1      | Noticed an iron dragon
    77 | D:1      | Reached XP level 2. HP: 12/19 MP: 2/2
   138 | D:1      | Reached skill level 1 in Stealth
   264 | D:1      | You fall through a shaft!
   502 | D:1      | Reached XP level 3. HP: 21/24 MP: 3/3
   829 | D:2      | Reached ** piety under Trog
   832 | D:2      | Reached XP level 4. HP: 24/29 MP: 4/4
  1482 | D:2      | Reached skill level 5 in Short Blades
  1539 | D:2      | Found a sacrificial altar of Ru.
  2032 | D:2      | Found a runed door.
  2158 | D:2      | Noticed Crazy Yiuf
  2163 | D:2      | Slain by Crazy Yiuf

Vault maps used:
D:1:      shiori_arrival_whats_in_store_for_you
D:2:      hangedman_ru_absence, minmay_hedge_maze, minmay_domino_4,
          uniq_crazy_yiuf_cottage

Skill      XL: |  1  2  3  4 |
---------------+-------------+-----
Stealth        | 1 2 |  2.2
Fighting       | 4 |  4.1
Short Blades   | 5 |  5.0
Dodging        | 3 |  3.2
Armour         | |  1.5

Action                   |  1- 3 |  4- 6 || total
-------------------------+-------+-------++-------
Melee: Short sword       |    94 |    76 ||   170
Invok: Berserk           |     4 |     3 ||     7
 Stab: Sleeping          |     1 |       ||     1
       Distracted        |       |     1 ||     1
  Eat: Chunk             |    11 |     4 ||    15
Armor: Animal skin       |    18 |     3 ||    21
Dodge: Dodged            |    77 |    43 ||   120
